 Dungeon Crawl Stone Soup version 0.30-a0-354-g6b83867211 (webtiles) character file.

Game seed: 3545225293626459505

191 2tousent the Covert (level 5, -1/29 HPs)
             Began as a Vampire Enchanter on Nov 7, 2022.
             Slain by a phantom (4 damage)
             ... on level 4 of the Dungeon.
             The game lasted 00:06:03 (3242 turns).

2tousent the Covert (Vampire Enchanter)             Turns: 3242, Time: 00:06:03

Health: -1/29      AC:  3    Str:  7    XL:     5   Next: 42%
Magic:  8/8        EV: 12    Int: 18    God:
Gold:   139        SH:  0    Dex: 16    Spells: 4/8 levels left

rFire   . . .      SeeInvis +    h - +2 dagger (venom)
rCold   + + .      Faith    .    (no shield)
rNeg    + + +      Spirit   .    b - +1 robe
rPois   ∞          Reflect  .    (no helmet)
rElec   .          Harm     .    (no cloak)
rCorr   .          Rampage  .    (no gloves)
Will    .....                    (no boots)
Stlth   ++++++....               m - amulet of magic regeneration
HPRegen 0.00/turn                (no ring)
MPRegen 0.51/turn                (no ring)

@: mighty, bloodless, inhibited regen
A: bloodless, fangs 3, see invisible, vampiric 2
a: Bat Form, Revivify


You were on level 4 of the Dungeon.
You visited 1 branch of the dungeon, and saw 4 of its levels.

You collected 139 gold pieces.

Inventory:

Hand Weapons
 a - a +1 dagger
 h - a +2 dagger of venom (weapon)
Armour
 b - a +1 robe (worn)
Jewellery
 m - an amulet of magic regeneration (around neck)
 n - an amulet of reflection
 o - a +4 ring of slaying
 r - an amulet of regeneration
Wands
 j - a wand of light (7)
Scrolls
 e - a scroll of fear {unknown}
 i - a scroll of torment {unknown}
 l - a scroll of identify
Potions
 c - a potion of invisibility
 f - 3 potions of curing
 g - 2 potions of magic {unknown}
 p - a potion of haste {unknown}
 q - a potion of heal wounds {unknown}
 s - 3 potions of mutation {unknown}
 u - a potion of brilliance {unknown}


   Skills:
 + Level 1.0 Fighting
 + Level 3.3 Short Blades
 - Level 2.1 Dodging
 - Level 8.0 Stealth
 - Level 2.0 Spellcasting
 - Level 4.4 Hexes


You had 4 spell levels left.
You knew the following spells:

 Your Spells              Type           Power      Damage    Failure   Level
a - Ensorcelled Hibernat  Hex/Ice        18%        N/A       11%         2
b - Blink                 Tloc           2%         N/A       26%         2

Your spell library contained the following spells:

 Spells                   Type           Power      Damage    Failure   Level
 Confusing Touch          Hex            17%        N/A       9%          3
 Tukima's Dance           Hex            17%        N/A       9%          3
 Freeze                   Ice            4%         1d3       19%         1
 Dazzling Flash           Conj/Hex       18%        N/A       22%         3
 Frozen Ramparts          Ice            2%         1d1       47%         3
 Hailstorm                Conj/Ice       1%         3d3       47%         3
 Ignite Poison            Fire/Tmut/Pois 1%         N/A       47%         3
 Manifold Assault         Tloc           1%         N/A       87%         4
 Sticky Flame             Conj/Fire      1%         2d3       87%         4
 Storm Form               Tmut/Air       0%         N/A       100%        7
 Ignition                 Fire           0%         3d3       100%        8


Dungeon Overview and Level Annotations

Branches:
Dungeon (4/15)
 Temple: D:4-7

Altars:


Innate Abilities, Weirdness & Mutations

You do not regenerate when monsters are visible.
You are frail without blood (-20% HP).
You can heal yourself when you bite living creatures.
You are immune to poison.
You have razor-sharp teeth.
You have supernaturally acute eyesight. (SInv)
You are afflicted with vampirism and can become a bat while bloodless.


Message History

You hit the phantom.
The phantom is heavily damaged.
The phantom barely misses you.
You are too injured to fight recklessly!
You are too injured to fight recklessly!
You are too injured to fight recklessly!
You are too injured to fight recklessly!
You miss the phantom.
The phantom is heavily damaged.
The phantom hits you.
* * * LOW HITPOINT WARNING * * *
The phantom blinks!
You blink.
You hit the phantom but do no damage.
The phantom is heavily damaged.
You completely miss the phantom. Your bite misses the phantom.
The phantom is heavily damaged.
The phantom hits you.
* * * LOW HITPOINT WARNING * * *
The phantom blinks!
You blink.
You hit the phantom but do no damage.
The phantom is heavily damaged.
The phantom hits you.
* * * LOW HITPOINT WARNING * * *
The phantom blinks!
You blink.
You feel better. The phantom hits you.
* * * LOW HITPOINT WARNING * * *
The phantom blinks!
You blink.
It was a potion of might.
You feel very mighty all of a sudden.
The phantom hits you but does no damage.
You miss the phantom.
The phantom is heavily damaged.
The phantom closely misses you.
You closely miss the phantom.
The phantom is heavily damaged.
The phantom closely misses you.
You barely miss the phantom. Your bite misses the phantom.
The phantom is heavily damaged.
The phantom hits you.
You die...

#..........# #...########.# #...#
#.........##.# #...#
#####...#####.##.#
#####...###...........#.##.######
#<...............................
#.##....###).........>#.##...####
#.##....# ###.......###.##...#
h.....#.# #.#.........##...###
#W###.#.# #.#.@.#.####.......#
#.###.#.# #.#..W#.####.##....#
........# #.##......##.##....##
##.##.### #.......#.##.##......
##.##.# #########.##.####....
......# ##### #.##.####....
.#.#### ####...###.##.........
.#.# ######...###..#.#########..
...# #.......## ##.#.### #..


You could see a phantom.

Vanquished Creatures
  An orc priest (D:3)
  An iguana (D:4)
  5 adders
  A worm (D:2)
  2 dart slugs
  4 orcs
  10 endoplasms
  3 giant cockroaches
  6 goblins
  3 hobgoblins
  10 kobolds
  4 quokkas
  14 ball pythons
  6 bats
  3 frilled lizards
  5 rats (D:1)
78 creatures vanquished.

Notes
Turn   | Place    | Note
-------+----------+-------------------------------------------
     0 | D:1      | 2tousent the Vampire Enchanter began the quest for the Orb.
     0 | D:1      | Reached XP level 1. HP: 13/13 MP: 3/3
   169 | D:1      | Noticed a shining eye
   170 | D:1      | Found a faded altar of an unknown god.
   171 | D:1      | Noticed a golden eye
   171 | D:1      | Noticed a golden eye
   171 | D:1      | Noticed a floating eye
   274 | D:1      | Reached XP level 2. HP: 15/15 MP: 5/5
   286 | D:1      | Reached skill level 5 in Stealth
   383 | D:1      | Learned a level 2 spell: Ensorcelled Hibernation
   652 | D:1      | Reached skill level 6 in Stealth
   790 | D:1      | Gained mutation: You are afflicted with vampirism and can
                  | become a bat while bloodless. [Vampire growth]
   790 | D:1      | Reached XP level 3. HP: 19/19 MP: 6/6
  1247 | D:2      | Learned a level 2 spell: Blink
  1707 | D:2      | Reached XP level 4. HP: 24/24 MP: 7/7
  1976 | D:3      | Reached skill level 7 in Stealth
  2598 | D:4      | Reached skill level 8 in Stealth
  2598 | D:4      | Reached XP level 5. HP: 28/28 MP: 8/8
  2790 | D:4      | Reached skill level 1 in Fighting
  3072 | D:4      | Noticed a black bear
  3083 | D:4      | Noticed a phantom
  3242 | D:4      | Slain by a phantom

Illustrated notes

Levels and vault maps discovered:
D:1:      arrival_zaba_pyramid, layout_basic,
          hellmonk_ecumenical_altar_watching_god, minmay_hexomino_p4
D:2:      layout_basic, minmay_quadrilaterals
D:3:      layout_basic
D:4:      layout_loops_cross, general_overflow_altar, kennysheep_generic_room_12

Skill      XL: |  1  2  3  4  5 |
---------------+----------------+-----
Stealth        | 6 8 |  8.0
Short Blades   | 2 3 |  3.3
Fighting       | 1 |  1.0
Dodging        | |  2.1
Spellcasting   | |  2.0
Hexes          | |  4.4

Action                   |  1- 3 |  4- 6 || total
-------------------------+-------+-------++-------
Melee: Dagger            |   102 |    69 ||   171
       Bite              |    11 |     3 ||    14
 Cast: Ensorcelled Hiber |       |     5 ||     5
 Abil: Exsanguinate      |     2 |       ||     2
  Use: Scroll            |       |     8 ||     8
       Potion            |       |     3 ||     3
 Stab: Sleeping          |    17 |    23 ||    40
Armor: Robe              |     8 |    13 ||    21
Dodge: Dodged            |    40 |    38 ||    78

Table legend: (Time is in decaauts)
 A = Elapsed time spent in this place.
 B = Non-inter-level travel time spent in this place.
 C = Inter-level travel time spent in this place.
 D = Time resting spent in this place.
 E = Time spent auto-exploring this place.
 F = Levels seen in this place.
 G = Mean time per level.
                   A        B        C        D        E       F      G
               +--------+--------+--------+--------+--------+-----+--------+
         Total |   3223 |   3041 |    182 |     82 |   2299 |   4 |  805.8 |
       Dungeon |   3223 |   3041 |    182 |     82 |   2299 |   4 |  805.8 |
               +--------+--------+--------+--------+--------+-----+--------+

Top non-repeatable levels by time:
     D:2: 1013 daAuts
     D:1: 902 daAuts
     D:3: 743 daAuts
     D:4: 564 daAuts
